TOP OF THE 1ST |
Oregon State University Beavers batting - Pitching for Hamilton Ross Rams : RHP Juan Peralez
|
Pitching: RHP Juan Peralez
|
|
Batting: RHB Lionello Pancaldi
|
0-0: Swinging Strike 0-1: Ball 1-1: Ground out 4-3 (Groundball, 4S, EV 84.4 MPH)
|
Batting: RHB Israel Soto
|
0-0: Called Strike 0-1: Ground out 5-3 (Groundball, 5, EV 85.0 MPH)
|
Batting: RHB Luis Flores
|
0-0: Foul Ball, location: 2F 0-1: Called Strike 0-2: Ball 1-2: Foul Ball, location: 2F 1-2: SINGLE (Groundball, 34D, EV 98.1 MPH)
|
Batting: RHB Rafael Ventura
|
0-0: Called Strike Luis Flores steals 2nd, throwing error, E2 Luis Flores to third 0-1: Ball Wild Pitch! Luis Flores scores 1-1: Ball 2-1: Swinging Strike 2-2: Strikes out looking
|
Top of the 1st over - 1 run, 1 hit, 1 error, 0 left on base; Oregon State University 1 - Hamilton Ross 0 |
BOTTOM OF THE 1ST |
Hamilton Ross Rams batting - Pitching for Oregon State University Beavers : RHP Rimbo Zhu
|
Pitching: RHP Rimbo Zhu
|
|
Batting: RHB Giovonni Melis
|
0-0: Swinging Strike 0-1: Foul Ball, location: 2F 0-2: Ball 1-2: Ball 2-2: Ground out 6-3 (Groundball, 56, EV 86.9 MPH)
|
Batting: RHB Burke Miller
|
0-0: Foul Ball, location: 2F 0-1: Swinging Strike 0-2: Strikes out swinging
|
Batting: LHB Hector Salazar
|
0-0: Called Strike 0-1: Fly out, F6 (Line Drive, 4M, EV 73.1 MPH)
|
Bottom of the 1st over - 0 runs, 0 hits, 0 errors, 0 left on base; Oregon State University 1 - Hamilton Ross 0 |
TOP OF THE 2ND |
Oregon State University Beavers batting - Pitching for Hamilton Ross Rams : RHP Juan Peralez
|
Batting: SHB Jim Chute
|
0-0: Ball 1-0: Ball 2-0: Called Strike 2-1: Fly out, F8 (Flyball, 8LM, EV 86.9 MPH)
|
Batting: LHB Jon Hamilton
|
0-0: Foul Ball, location: 2F 0-1: Called Strike 0-2: Strikes out looking
|
Batting: LHB Pablo Fraga
|
0-0: Called Strike 0-1: Ball 1-1: Ground out 4-3 (Groundball, 4, EV 76.2 MPH)
|
Top of the 2nd over - 0 runs, 0 hits, 0 errors, 0 left on base; Oregon State University 1 - Hamilton Ross 0 |
BOTTOM OF THE 2ND |
Hamilton Ross Rams batting - Pitching for Oregon State University Beavers : RHP Rimbo Zhu
|
Batting: RHB Luke Jensen
|
0-0: Ground out 5-3 (Groundball, 5, EV 83.1 MPH)
|
Batting: RHB Waggoner Wagner
|
0-0: Fly out, F9 (Flyball, 89D, EV 101.2 MPH)
|
Batting: RHB Chun-hak Ahn
|
0-0: Foul Ball, location: 2F 0-1: Called Strike 0-2: Ball 1-2: Foul Ball, location: 2F 1-2: Ball 2-2: Foul Ball, location: 2F 2-2: Ground out 1-3 (Groundball, 34S, EV 71.2 MPH)
|
Bottom of the 2nd over - 0 runs, 0 hits, 0 errors, 0 left on base; Oregon State University 1 - Hamilton Ross 0 |
TOP OF THE 3RD |
Oregon State University Beavers batting - Pitching for Hamilton Ross Rams : RHP Juan Peralez
|
Batting: LHB Brock Darby
|
0-0: Called Strike 0-1: Called Strike 0-2: Ball 1-2: Foul Ball, location: 2F 1-2: Ball 2-2: Fly out, F8 (Flyball, 8RXD, EV 85.0 MPH)
|
Batting: SHB Sosaia Apelahama
|
0-0: Ball 1-0: Called Strike 1-1: Fly out, F5 (Line Drive, 56, EV 60.6 MPH)
|
Batting: RHB Lionello Pancaldi
|
0-0: Fly out, F7 (Flyball, 7, EV 73.8 MPH)
|
Top of the 3rd over - 0 runs, 0 hits, 0 errors, 0 left on base; Oregon State University 1 - Hamilton Ross 0 |
BOTTOM OF THE 3RD |
Hamilton Ross Rams batting - Pitching for Oregon State University Beavers : RHP Rimbo Zhu
|
Batting: RHB Christian Leschak
|
0-0: Ball 1-0: Ball 2-0: Called Strike 2-1: Ball 3-1: Swinging Strike 3-2: Foul Ball, location: 2F 3-2: Base on Balls
|
Batting: LHB Addergoole Kartosuwiryo
|
0-0: Ball 1-0: Foul Ball, location: 2F 1-1: DOUBLE (Line Drive, 8RXD, EV 112.5 MPH) Christian Leschak to third
|
Batting: RHB C.J. Fleet
|
0-0: Called Strike 0-1: Fly out, F6 (Popup, 6S, EV 80.0 MPH)
|
Batting: RHB Giovonni Melis
|
0-0: Foul Ball, location: 2F 0-1: Foul Ball, location: 2F 0-2: Ball 1-2: Foul Ball, location: 2F 1-2: Ball 2-2: Foul Ball, location: 2F 2-2: Foul Ball, location: 2F 2-2: Ball 3-2: Foul Ball, location: 2F 3-2: SINGLE (Groundball, 34D, EV 103.8 MPH) Christian Leschak scores Addergoole Kartosuwiryo to third Runner from 3rd tries for Home, throw by RF and OUT! 9-2 Giovonni Melis to second
|
Now at 3B: Manny Zatarain
|
|
Now in RF: Rafael Ventura
|
|
Batting: RHB Burke Miller
|
0-0: Called Strike 0-1: Ball 1-1: SINGLE (Flyball, 4D, EV 89.4 MPH) Giovonni Melis to third Runner from 3rd tries for Home, throw by CF and OUT! 8-2
|
Bottom of the 3rd over - 1 run, 3 hits, 0 errors, 1 left on base; Oregon State University 1 - Hamilton Ross 1 |
TOP OF THE 4TH |
Oregon State University Beavers batting - Pitching for Hamilton Ross Rams : RHP Juan Peralez
|
Batting: RHB Israel Soto
|
0-0: Ball 1-0: Called Strike 1-1: Called Strike 1-2: Foul Ball, location: 2F 1-2: Ball 2-2: Foul Ball, location: 2F 2-2: Strikes out swinging
|
Batting: RHB Luis Flores
|
0-0: Called Strike 0-1: Called Strike 0-2: Strikes out swinging
|
Batting: RHB Rafael Ventura
|
0-0: Foul Ball, location: 2F 0-1: Foul Ball, location: 2F 0-2: Ball 1-2: Ball 2-2: DOUBLE (Line Drive, 78D, EV 108.1 MPH)
|
Batting: SHB Jim Chute
|
0-0: SINGLE (Line Drive, 8RS, EV 96.9 MPH) Rafael Ventura to third Runner from 3rd tries for Home, SAFE, throw by CF to home
|
Batting: SHB Manny Zatarain
|
0-0: Foul Ball, location: 2F 0-1: Ball 1-1: Foul Ball, location: 2F 1-2: Ball 2-2: Fly out, F8 (Flyball, 8LD, EV 105.6 MPH)
|
Top of the 4th over - 1 run, 2 hits, 0 errors, 1 left on base; Oregon State University 2 - Hamilton Ross 1 |
BOTTOM OF THE 4TH |
Hamilton Ross Rams batting - Pitching for Oregon State University Beavers : RHP Rimbo Zhu
|
Batting: LHB Hector Salazar
|
0-0: Called Strike 0-1: Ball 1-1: Foul Ball, location: 2F 1-2: Foul Ball, location: 2F 1-2: Foul Ball, location: 2F 1-2: Fly out, F8 (Flyball, 8RD, EV 80.0 MPH)
|
Batting: RHB Luke Jensen
|
0-0: Ball 1-0: Foul Ball, location: 2F 1-1: SINGLE (Groundball, 56S, EV 66.9 MPH) (infield hit)
|
Batting: RHB Waggoner Wagner
|
0-0: TRIPLE (Flyball, 8LXD, EV 106.2 MPH) Luke Jensen scores
|
Batting: RHB Chun-hak Ahn
|
0-0: Ball 1-0: Swinging Strike 1-1: SINGLE (Groundball, 56D, EV 98.1 MPH) Waggoner Wagner scores
|
Batting: RHB Christian Leschak
|
0-0: Ball 1-0: Ball 2-0: Called Strike 2-1: Fielders Choice at 2nd, 5-4 (Groundball, 56, EV 86.9 MPH)
|
Batting: LHB Addergoole Kartosuwiryo
|
0-0: Ball 1-0: Called Strike 1-1: Ball 2-1: Foul Ball, location: 2F 2-2: Ball 3-2: Strikes out looking
|
Bottom of the 4th over - 2 runs, 3 hits, 0 errors, 1 left on base; Oregon State University 2 - Hamilton Ross 3 |
TOP OF THE 5TH |
Oregon State University Beavers batting - Pitching for Hamilton Ross Rams : RHP Juan Peralez
|
Batting: LHB Pablo Fraga
|
0-0: Ball 1-0: Swinging Strike 1-1: Ball 2-1: Ground out 5-3 (Groundball, 56, EV 98.8 MPH)
|
Batting: LHB Brock Darby
|
0-0: Called Strike 0-1: Ball 1-1: Ball 2-1: Foul Ball, location: 2F 2-2: Ball 3-2: Fly out, F9 (Flyball, 89S, EV 81.9 MPH)
|
Batting: SHB Sosaia Apelahama
|
0-0: Swinging Strike 0-1: Foul Ball, location: 2F 0-2: Strikes out looking
|
Top of the 5th over - 0 runs, 0 hits, 0 errors, 0 left on base; Oregon State University 2 - Hamilton Ross 3 |
BOTTOM OF THE 5TH |
Hamilton Ross Rams batting - Pitching for Oregon State University Beavers : RHP Rimbo Zhu
|
Batting: RHB C.J. Fleet
|
0-0: Foul Ball, location: 2F 0-1: Ball 1-1: Foul Ball, location: 2F 1-2: Foul Ball, location: 2F 1-2: Strikes out swinging
|
Batting: RHB Giovonni Melis
|
0-0: Called Strike 0-1: Foul Ball, location: 2F 0-2: Ground out 6-3 (Groundball, 6, EV 91.2 MPH)
|
Batting: RHB Burke Miller
|
0-0: Ball 1-0: Swinging Strike 1-1: Foul Ball, location: 2F 1-2: Ball 2-2: Foul Ball, location: 2F 2-2: Ball 3-2: Foul Ball, location: 2F 3-2: Ground out 6-3 (Groundball, P, EV 81.9 MPH)
|
Bottom of the 5th over - 0 runs, 0 hits, 0 errors, 0 left on base; Oregon State University 2 - Hamilton Ross 3 |
TOP OF THE 6TH |
Oregon State University Beavers batting - Pitching for Hamilton Ross Rams : RHP Juan Peralez
|
Batting: RHB Lionello Pancaldi
|
0-0: Called Strike 0-1: Ball 1-1: DOUBLE (Line Drive, 8RXD, EV 105.6 MPH)
|
Batting: RHB Israel Soto
|
0-0: Called Strike 0-1: Ball 1-1: Called Strike 1-2: Ball 2-2: Strikes out swinging
|
Batting: RHB Luis Flores
|
0-0: Ball 1-0: Foul Ball, location: 2F 1-1: Called Strike 1-2: Ground out 4-3 (Groundball, 4, EV 86.9 MPH) Lionello Pancaldi to third
|
Batting: RHB Rafael Ventura
|
0-0: Ball 1-0: Ball 2-0: Ground out 6-3 (Groundball, 6, EV 104.4 MPH)
|
Top of the 6th over - 0 runs, 1 hit, 0 errors, 1 left on base; Oregon State University 2 - Hamilton Ross 3 |
BOTTOM OF THE 6TH |
Hamilton Ross Rams batting - Pitching for Oregon State University Beavers : RHP Rimbo Zhu
|
Pitching: RHP Sun-dong Pak
|
|
Batting: LHB Hector Salazar
|
0-0: Ball 1-0: Ball 2-0: Ball 3-0: Called Strike 3-1: Ground out 4-3 (Groundball, 4, EV 101.9 MPH)
|
Batting: RHB Luke Jensen
|
0-0: Called Strike 0-1: Swinging Strike 0-2: Ball 1-2: Strikes out swinging
|
Batting: RHB Waggoner Wagner
|
0-0: Called Strike 0-1: Ground out 5-3 (Groundball, 56, EV 108.1 MPH)
|
Bottom of the 6th over - 0 runs, 0 hits, 0 errors, 0 left on base; Oregon State University 2 - Hamilton Ross 3 |
TOP OF THE 7TH |
Oregon State University Beavers batting - Pitching for Hamilton Ross Rams : RHP Juan Peralez
|
Batting: SHB Jim Chute
|
0-0: Called Strike 0-1: Foul Ball, location: 2F 0-2: Strikes out swinging
|
Batting: SHB Manny Zatarain
|
0-0: Ground out 3-1 (Groundball, 34, EV 100.0 MPH)
|
Batting: LHB Pablo Fraga
|
0-0: Ball 1-0: Foul Ball, location: 2F 1-1: Swinging Strike 1-2: Strikes out swinging
|
Top of the 7th over - 0 runs, 0 hits, 0 errors, 0 left on base; Oregon State University 2 - Hamilton Ross 3 |
BOTTOM OF THE 7TH |
Hamilton Ross Rams batting - Pitching for Oregon State University Beavers : RHP Sun-dong Pak
|
Batting: RHB Chun-hak Ahn
|
0-0: Foul Ball, location: 2F 0-1: Fly out, F9 (Flyball, 89M, EV 93.8 MPH)
|
Batting: RHB Christian Leschak
|
0-0: Ball 1-0: Called Strike 1-1: Called Strike 1-2: Foul Ball, location: 2F 1-2: Strikes out swinging
|
Batting: LHB Addergoole Kartosuwiryo
|
0-0: Ball 1-0: Called Strike 1-1: Foul Ball, location: 2F 1-2: Ball 2-2: Foul Ball, location: 2F 2-2: Fly out, F7 (Flyball, 7LSF, EV 76.9 MPH)
|
Bottom of the 7th over - 0 runs, 0 hits, 0 errors, 0 left on base; Oregon State University 2 - Hamilton Ross 3 |
TOP OF THE 8TH |
Oregon State University Beavers batting - Pitching for Hamilton Ross Rams : RHP Juan Peralez
|
Batting: LHB Brock Darby
|
0-0: Ball 1-0: Ball 2-0: Ball 3-0: Base on Balls
|
Batting: SHB Sosaia Apelahama
|
0-0: Swinging Strike 0-1: Ball 1-1: Bunt missed! 1-2: Ball 2-2: Strikes out swinging
|
Pitching: RHP Huai-yi Ji
|
|
Batting: RHB Lionello Pancaldi
|
0-0: Ball 1-0: Sac Bunt to 25 - play at first, batter OUT! 5-3 Brock Darby to second
|
Batting: RHB Israel Soto
|
0-0: Ball 1-0: Swinging Strike 1-1: Foul Ball, location: 2F 1-2: Ball Wild Pitch! Brock Darby to third 2-2: Foul Ball, location: 2F 2-2: Strikes out swinging
|
Top of the 8th over - 0 runs, 0 hits, 0 errors, 1 left on base; Oregon State University 2 - Hamilton Ross 3 |
BOTTOM OF THE 8TH |
Hamilton Ross Rams batting - Pitching for Oregon State University Beavers : RHP Sun-dong Pak
|
Batting: RHB C.J. Fleet
|
0-0: Ball 1-0: Ball 2-0: Called Strike 2-1: Foul Ball, location: 2F 2-2: Ball 3-2: Reached via error on a dropped throw from 1B, E1 (Groundball, 34, EV 100.0 MPH)
|
Batting: RHB Giovonni Melis
|
0-0: Bunt missed! 0-1: Bunt missed! 0-2: Strikes out swinging
|
Batting: RHB Burke Miller
|
0-0: Fielders Choice at 2nd, 1-6 (Groundball, 13S, EV 64.4 MPH)
|
Batting: LHB Hector Salazar
|
0-0: Called Strike 0-1: Fielders Choice at 2nd, 6-4 (Groundball, 56, EV 90.0 MPH)
|
Bottom of the 8th over - 0 runs, 0 hits, 1 error, 1 left on base; Oregon State University 2 - Hamilton Ross 3 |
TOP OF THE 9TH |
Oregon State University Beavers batting - Pitching for Hamilton Ross Rams : RHP Huai-yi Ji
|
Pitching: LHP Setsuo Kimura
|
|
Now in CF: Mark Kerr
|
|
Now in RF: Trey Toope
|
|
Batting: RHB Luis Flores
|
0-0: Called Strike 0-1: Swinging Strike 0-2: Strikes out looking
|
Batting: RHB Rafael Ventura
|
0-0: Ball 1-0: Foul Ball, location: 2F 1-1: Foul Ball, location: 2F 1-2: Strikes out swinging
|
Batting: LHB Jason Trevarrow
|
0-0: Ball 1-0: Ball 2-0: SINGLE (Line Drive, 9LM, EV 108.1 MPH)
|
Batting: SHB Manny Zatarain
|
0-0: Foul Ball, location: 2F 0-1: Called Strike 0-2: Ball 1-2: Strikes out swinging
|
Top of the 9th over - 0 runs, 1 hit, 0 errors, 1 left on base; Oregon State University 2 - Hamilton Ross 3 |
|